 Dungeon Crawl Stone Soup version 0.20.0 (webtiles) character file.

20 Baldric the Skirmisher (level 2, -1/29 HPs)
             Began as a Troll Berserker on July 22, 2017.
             Was a Follower of Trog.
             Slain by a leopard gecko (4 damage)
             ... on level 1 of the Dungeon.
             The game lasted 00:02:37 (391 turns).

Baldric the Skirmisher (Troll Berserker)             Turns: 391, Time: 00:02:37

Health: -1/29      AC:  5    Str: 24    XL:     2   Next: 58%
Magic:  1/1        EV: 10    Int:  3    God:    Trog [*.....]
Gold:   43         SH:  0    Dex:  9    Spells: 1/1 levels left

rFire    . . .     SeeInvis .   a - +0 mace
rCold    . . .     Gourm    +   (no shield)
rNeg     . . .     Faith    .   b - +0 animal skin
rPois    .         Spirit   .   (helmet restricted)
rElec    .         Reflect  .   (no cloak)
rCorr    .         Harm     .   (gloves unavailable)
MR       .....                  (boots unavailable)
Stlth    +.........             e - amulet of the gourmand
Regen    0.5/turn               (no ring)
MPRegen  0.1/turn               (no ring)

@: no status effects
A: unfitting armour, claws 3, fast metabolism 3, gourmand, regeneration 1,
shaggy fur 1, tough skin 2
a: Berserk, Burn Spellbooks, Renounce Religion


You were on level 1 of the Dungeon.
You worshipped Trog.
Trog was aware of your devotion.
You were full.

You visited 1 branch of the dungeon, and saw 1 of its levels.

You collected 43 gold pieces.

Inventory:

Hand Weapons
 a - a +0 mace (weapon)
Armour
 b - a +0 animal skin (worn)
Jewellery
 e - an amulet of the gourmand (around neck)
Scrolls
 f - a scroll of enchant armour {unknown}
 h - a scroll of remove curse {unknown}
Potions
 d - 3 potions of heal wounds {unknown}
Comestibles
 c - 2 bread rations
 g - a meat ration


   Skills:
 * Level 2.9 Fighting
 + Level 2.9 Maces & Flails
 + Level 2.6 Dodging


You had one spell level left.
You didn't know any spells.

Dungeon Overview and Level Annotations

Branches:
Dungeon (1/15)

Altars:


Innate Abilities, Weirdness & Mutations

You are too large for most types of armour.
You have claws for hands.
Your metabolism is lightning-fast.
You like to eat raw meat.
Your natural rate of healing is unusually fast.
You are covered in fur. (AC +1)
You have very tough skin. (AC +2)


Message History

The rat bites you but does no damage. The giant cockroach bites you.
* * * LOW HITPOINT WARNING * * *
The leopard gecko hisses menacingly.
The leopard gecko bites you.
* * * LOW HITPOINT WARNING * * *
Unknown command.
The bat misses you. The rat barely misses you.
The giant cockroach completely misses you.
The leopard gecko closely misses you. The bat hits you but does no damage.
The rat closely misses you. The giant cockroach closely misses you.
The leopard gecko closely misses you. The bat barely misses you.
The rat bites you but does no damage.
The giant cockroach bites you but does no damage.
The leopard gecko bites you.
* * * LOW HITPOINT WARNING * * *
Unknown command.
The bat barely misses you.
The giant cockroach bites you but does no damage.
The leopard gecko bites you.
You die...

#####################
#....................
#############..........!.........
...............$.)...............
.....).#####.....................
...........#.....................
.............#...r...............
.....(.###......@sg.....!........
.......###......bl....?..........
...........................!.....
##)†...###.......................
.....).# #.......................
#..#.### #####...................
#..#.# #..$........[.......
#(##.## #...............%...
..##..# ##?..................


You could see a leopard gecko, a giant cockroach, a goblin, a bat and a rat.

Vanquished Creatures
  2 dart slugs (D:1)
  A giant cockroach (D:1)
  A goblin (D:1)
  5 jackals (D:1)
  A kobold (D:1)
  A bat (D:1)
  2 frilled lizards (D:1)
  2 rats (D:1)
15 creatures vanquished.

Notes
Turn   | Place    | Note
-------+----------+-------------------------------------------
     0 | D:1      | Baldric the Troll Berserker began the quest for the Orb.
     0 | D:1      | Reached XP level 1. HP: 22/22 MP: 0/0
    59 | D:1      | Reached XP level 2. HP: 20/29 MP: 1/1
   391 | D:1      | Slain by a leopard gecko

Action                   || total
-------------------------++-------
Melee: Mace              ||    55
  Eat: Chunk             ||     6
Armor: Animal skin       ||    94
Dodge: Dodged            ||   128
